← All builds
Suicide front / Cortex / Economy first / OBSERVED BUILD

Standard suicide front

Cortex Suicide front build order · Supreme Isthmus

The role's baseline economy-first play: fast Bot Lab, early Advanced Metal Extractor, and a Thug/Grunt/Aggravator mix pushed to hold the middle while teching up.

#raid #push · 1016 distinct matches · 176 players · 73% of Cortex Suicide front games · team won 57% of 1085 · Recently observed

HOW TO PLAY IT

Key timing: Bot Lab by 0:39

  1. Open 3 mex, then rush Bot Lab almost immediately.
  2. Finish Bot Lab and start pushing Thug, Grunt, Aggravator.
  3. Send units straight to middle to contest and stop leaks.
  4. Eat the Bot Lab for metal if 32% of games reach that point.
  5. Transition into Advanced Metal Extractor once middle is stable.

Phase by phase

TYPICAL OF ITS 1016 GAMES
  1. 1
  2. 2
  3. 3
PLAY THE OPENING

Follow the example game's first 6:00 step by step: what to build now, what comes next, and where it goes. At 1× it keeps pace with your own game.

  1. 1

    Up to the Bot Lab

    Economy
    • Metal Extractor2Mex
    Order
    1. Bot LabBot Lab after 2 mexdone ~0:37, middle half 0:27–0:45

    By 0:21 in all: 2 mex

    The example game in this phase · 1 step
    1. Bot LabBot Labdone 0:20 · typical 0:37
  2. 2

    Bot Lab to 5:00

    Economy
    • Metal Extractor3Mex
    • Wind Turbine2Wind
    Builders
    • Graverobber4 Graverobber
    • Construction Bot3 Con bot
    Army
    • Guard3 Guard
    • Thug16 Thug
    • Grunt3 Grunt
    Other
    • Radar Tower1 Radar Tower

    Some games also: aggravator (39%) · con turret (30%)

    By 5:00 in all: 5 mex · 3 wind

    The example game in this phase · 34 steps
    1. Mex
    2. Construction BotCon bot
    3. GuardGuard
    4. Solar
    5. Mex ×2
    6. Construction BotCon bot
    7. GraverobberGraverobber ×2
    8. Mex
    9. ThugThug ×3
    10. GuardGuard
    11. ThugThug ×2
    12. GuardGuard
    13. AggravatorAggravator
    14. Con turret
    15. GuardGuard
    16. AggravatorAggravator ×2
    17. Twin GuardTwin Guard
    18. AggravatorAggravator
    19. Wind
    20. AggravatorAggravator
    21. Wind ×2
    22. Construction BotCon bot
    23. Wind
    24. Construction BotCon bot
    25. Wind
    26. GraverobberGraverobber
    27. Wind
    28. GraverobberGraverobber
    29. Wind
    30. AggravatorAggravator
    31. Wind
    32. AggravatorAggravator
    33. Wind
    34. AggravatorAggravator
  3. 3

    5:00 to 10:00

    Economy
    • Metal Extractor1Mex
    • Wind Turbine12Wind
    Builders
    • Construction Turret1 Con turret
    • Graverobber3 Graverobber
    • Construction Bot1 Con bot
    Army
    • Guard1 Guard
    • Thug11 Thug
    • Grunt1 Grunt

    Some games also: aggravator (42%) · Radar Tower (39%) · energy storage (37%) · Twin Guard (31%)

    By 10:00 in all: 6 mex · 16 wind · 2 con turret

    The example game in this phase · 40 steps
    1. Wind
    2. AggravatorAggravator ×3
    3. Wind
    4. AggravatorAggravator
    5. Wind
    6. AggravatorAggravator
    7. Wind
    8. AggravatorAggravator
    9. Wind
    10. AggravatorAggravator
    11. Wind
    12. TrasherTrasher
    13. Construction BotCon bot
    14. Converter
    15. Wind
    16. Converter
    17. Construction BotCon bot
    18. Converter
    19. Wind
    20. GraverobberGraverobber
    21. Converter
    22. GraverobberGraverobber
    23. Converter
    24. Wind
    25. ThugThug
    26. Converter
    27. ThugThug
    28. Converter
    29. ThugThug ×2
    30. Mex ×3
    31. Wind ×5
    32. Advanced Metal ExtractorT2 mexdone 11:44 · typical 9:59
    33. Wind ×3
    34. Energy storage
    35. Converter ×3
    36. Dragon's TeethDragon's Teeth ×7
    37. Con turret
    38. Advanced Metal ExtractorT2 mex ×2
    39. Fusion ReactorFusiondone 14:50
    40. T2 converter

Counts are medians over the build's games: half of them build more, half fewer. The example game is FrontLiner69er's (33 OS, 30/09/2026); pick another.

Team trades

IN AT LEAST 30% OF ITS GAMES

You hand over

Nothing regular.

You get

  • Tidal Generator4 Tidal from Pondfirst at 0:11 · in 69% of games
  • Advanced Construction Bot1 T2 con bot from Geo or Techfirst at 7:46 · in 55% of games

How it plays out

Typical game of this build, running totals by minute

Metal produced

010k20k
0:005:0010:0015:00

metal

Enemy metal destroyed

05k10k
0:005:0010:0015:00

metal

Own metal lost

05k10k
0:005:0010:0015:00

metal

1085 games.

Show as table
ByMetal produced: This buildEnemy metal destroyed: This buildOwn metal lost: This build
1:0033000
2:0094400
3:002033216172
4:003122732632
5:00427615381413
6:00546125002345
7:00664936083330
8:00782645654356
9:00896452905260
10:001023859936158
11:001160665386969
12:001316969977740
13:001478676358411
14:001655283038971
15:001785289169599
WHAT THE NUMBERS SAY

This baseline wins more often than most other roles' standard builds, with early aggression showing in high kills and losses alike.

  • + Team wins 54% of games, best winrate among the roles shown.
  • + First kill lands very early at 2:07 in all games.
  • − Own metal lost is heavy early, 1439 by 5:00.
  • − Enemy destroyed stays close to own losses through 15:00, a costly front.
THE EXAMPLE YOU ARE READING

FrontLiner69er

32.5 OS · 30/09/2026

Open source match ↗

8 received units · includes a constructor
144 metal received · 44601 energy received

Allied construction assistance is unknown. Timings are observations, not a promise of solo reproducibility.

Typical milestones

Bot Lab0:37Middle 50%: 0:27–0:45 · n=1080
Advanced Metal Extractor9:59Middle 50%: 9:00–11:13 · n=687

Played most by

XXMACGAMERXX133games of this build_Hawkey_70games of this build_X_61games of this buildrealisticjo52games of this buildAbyssFalcon42games of this build

Supporting games

Pick a game to read and play it above.

_Hawkey_14/10/2026 · 65 OS↗Espera14/10/2026 · 41 OS↗XXMACGAMERXX14/10/2026 · 41 OS↗XXMACGAMERXX14/10/2026 · 42 OS↗_Hawkey_14/10/2026 · 65 OS↗XXMACGAMERXX14/10/2026 · 42 OS↗XXMACGAMERXX14/10/2026 · 42 OS↗_Hawkey_14/10/2026 · 65 OS↗FrontLiner69er30/09/2026 · 33 OS↗
32 more of 1077, the most recentXXMACGAMERXX14/10/2026 · 42 OS↗Private_Gator13/10/2026 · 30 OS↗hox213/10/2026 · 32 OS↗hox213/10/2026 · 32 OS↗Thors_Hammer13/10/2026 · 31 OS↗AinzIsHere13/10/2026 · 39 OS↗AinzIsHere13/10/2026 · 39 OS↗_Hawkey_13/10/2026 · 65 OS↗I_pawngame_u13/10/2026 · 37 OS↗Lexosis13/10/2026 · 37 OS↗AinzIsHere13/10/2026 · 42 OS↗_Hawkey_13/10/2026 · 65 OS↗Rexalidus13/10/2026 · 35 OS↗Rexalidus13/10/2026 · 35 OS↗XXMACGAMERXX13/10/2026 · 40 OS↗XXMACGAMERXX13/10/2026 · 40 OS↗gmansawesome13/10/2026 · 33 OS↗[Cookie]CottonBuds13/10/2026 · 30 OS↗Fullchord13/10/2026 · 33 OS↗Vaticineur13/10/2026 · 32 OS↗DontStreamSnipeMeBro13/10/2026 · 30 OS↗FrontLiner69er12/10/2026 · 33 OS↗Sevendcell12/10/2026 · 30 OS↗ITz_SkySovereign12/10/2026 · 35 OS↗Sevendcell12/10/2026 · 30 OS↗Sevendcell12/10/2026 · 30 OS↗Hunfore12/10/2026 · 33 OS↗_Hawkey_12/10/2026 · 65 OS↗XXMACGAMERXX12/10/2026 · 40 OS↗XXMACGAMERXX12/10/2026 · 40 OS↗XXMACGAMERXX12/10/2026 · 40 OS↗[Grump]Matsuri11/10/2026 · 39 OS↗
Supreme Isthmus v2.1
Beyond All Reason test-31450-6562fb1
Naval balance tweaks on